 Dungeon Crawl Stone Soup version 0.31-a0-656-gb4d89c20fa (webtiles) character file.

Game seed: 5523454189175464139

2085 Ekaitz the Zephyrmancer (level 9, -1/51 HPs)
             Began as a Tengu Air Elementalist on Aug 30, 2023.
             Was an Initiate of Vehumet.
             Slain by an orc warrior
             ... wielding a +0 spear
              (8 damage)
             ... in a bailey.
             The game lasted 00:15:52 (7158 turns).

Ekaitz the Zephyrmancer (Tengu Air Elementalist)    Turns: 7158, Time: 00:15:53

Health: -1/51      AC:  3    Str:  9    XL:     9   Next: 27%
Magic:  6/16       EV: 21    Int: 17    God:    Vehumet [......]
Gold:   406        SH:  0    Dex: 17    Spells: 2/16 levels left

rFire   . . .        o - staff of air
rCold   . . .        (no shield)
rNeg    + . .        a - +0 robe
rPois   +            (helmet restricted)
rElec   +            K - +0 cloak
rCorr   .            (no gloves)
SInv    .            (boots unavailable)
Will    .....        (no amulet)
Stlth   ++           l - ring of poison resistance
HPRegen 0.28/turn    m - ring of positive energy
MPRegen 0.15/turn

%: no passive effects
@: flying, studying Earth Magic
A: beak, talons 3, nimble 2
a: Renounce Religion


You were in a bailey.
You worshipped Vehumet.
Vehumet was noncommittal.
You visited 2 branches of the dungeon, and saw 8 of its levels.
You also visited: Bailey.

You collected 406 gold pieces.

Inventory:

Hand Weapons
 x - a +1 mace of draining
 B - a +0 triple crossbow
 G - a +1 whip of venom
 L - the +4 short sword of Cutuof {flame, Dex+4}
   (You found it on level 5 of the Dungeon)

   Dex+4:     It affects your dexterity (+4).
 N - the +2 falchion of the Curious Dances {drain, Str-4 Int+3}
   (You found it on level 6 of the Dungeon)

   Str-4:     It affects your strength (-4).
   Int+3:     It affects your intelligence (+3).
Missiles
 w - 6 poisoned darts
Armour
 a - a +0 robe (worn)
 K - a +0 cloak (worn)
Magical Staves
 o - a staff of air (weapon)
Jewellery
 l - a ring of poison resistance (left hand)
 m - a ring of positive energy (right hand)
Wands
 A - a wand of flame (8)
 C - a wand of iceblast (4)
 F - a wand of polymorph (7)
Scrolls
 e - 2 scrolls of fear {unknown}
 g - 2 scrolls of enchant armour {unknown}
 h - 2 scrolls of noise {unknown}
 i - 2 scrolls of vulnerability {unknown}
 j - 4 scrolls of teleportation {unknown}
 p - 3 scrolls of fog {unknown}
 q - a scroll of brand weapon {unknown}
 r - 2 scrolls of identify {unknown}
 t - a scroll of silence {unknown}
 y - a scroll of revelation {unknown}
 E - 2 scrolls of immolation {unknown}
 J - 2 scrolls of enchant weapon {unknown}
Potions
 b - 2 potions of magic
 d - 2 potions of berserk rage {unknown}
 f - 2 potions of attraction {unknown}
 n - 5 potions of enlightenment {unknown}
 s - a potion of lignification {unknown}
 u - a potion of mutation {unknown}
 v - 2 potions of cancellation {unknown}
 z - 2 potions of curing {unknown}
 D - a potion of heal wounds {unknown}
 H - a potion of ambrosia {unknown}
 I - 4 potions of degeneration {unknown}
 M - a potion of haste {unknown}


   Skills:
 * Level 3.2 Fighting
 + Level 0.8 Staves
 * Level 4.5 Dodging
 + Level 3.1 Stealth
 + Level 4.4 Spellcasting
 * Level 6.5 Conjurations
 * Level 3.2 Translocations
 * Level 8.5 Air Magic
 * Level 2.0 Poison Magic
 * Level 2.7 Evocations


You had 2 spell levels left.
You knew the following spells:

 Your Spells              Type           Power      Damage    Failure   Level
a - Shock                 Conj/Air       100%       1d9       1%          1
b - Static Discharge      Conj/Air       86%        2-6/arc   1%          2
c - Poisonous Vapours     Pois/Air       64%        N/A       2%          2
d - Airstrike             Air            24%        2d(4-20)  4%          4
k - Blink                 Tloc           28%        N/A       6%          2
w - Swiftness             Air            48%        N/A       1%          3

Your spell library contained the following spells:

 Spells                   Type           Power      Damage    Failure   Level
 Magic Dart               Conj           100%       1d8       1%          1
 Momentum Strike          Conj/Tloc      40%        3d9       3%          2
 Kiss of Death            Conj/Necr      56%        2d9       4%          1
 Lesser Beckoning         Tloc           28%        N/A       6%          2
 Sting                    Tmut/Pois      28%        1d4       10%         1
 Call Imp                 Summ           6%         N/A       22%         2
 Scorch                   Fire           6%         2d5       22%         2
 Mephitic Cloud           Conj/Pois/Air  34%        N/A       4%          3
 Dazzling Flash           Conj/Hex       28%        N/A       12%         3
 Volatile Blastmotes      Fire/Tloc      18%        2d11      24%         3
 Flame Wave               Conj/Fire      14%        2d6       36%         4
 Confusing Touch          Hex            3%         N/A       41%         3
 Olgreb's Toxic Radiance  Pois           10%        N/A       54%         4
 Fireball                 Conj/Fire      7%         3d5       73%         5
 Cause Fear               Hex            1%         N/A       83%         4
 Dispel Undead            Necr           3%         3d7       83%         4
 Starburst                Conj/Fire      7%         6d4       99%         6
 Summon Cactus Giant      Summ           1%         N/A       100%        6
 Maxwell's Capacitive Co  Air            24%        ∞         100%        8
 Dragon's Call            Summ           1%         N/A       100%        9


Dungeon Overview and Level Annotations

Branches:
Dungeon (7/15)             Temple (1/1) D:6          Bailey (1/1)

Altars:
Ashenzari
Cheibriados
Dithmenos
Elyvilon
Fedhas
Gozag
Hepliaklqana
Kikubaaqudgha
Nemelex Xobeh
Okawaru
Qazlal
Ru
Sif Muna
Trog
Uskayaw
Vehumet
Wu Jian
Xom
Yredelemnul
The Shining One


Innate Abilities, Weirdness & Mutations

You have a beak for a mouth.
You have claws for feet.
Your magical nature helps you fly and evade attacks. (EV +20% +4)


Message History

The orc warrior is almost dead.
The zap hits the orc warrior.
The orc warrior is heavily wounded.
The zap misses the orc warrior.
The zap hits the orc warrior but does no damage.
The orc warrior is almost dead.
The orc warrior hits you from afar with a +0 spear!
Unknown command.
The orc warrior attacks as it pursues you!
The orc warrior closely misses you.
The orc warrior attacks as it pursues you!
The orc warrior completely misses you.
There is an open door here.
Casting: Shock (safe; 1% risk of failure)
Confirm with . or Enter, or press ? or * to list all spells.
Aiming: Shock (safe; 1% risk of failure)
Press: ? - help, Shift-Dir - straight line, f/p - orc warrior
Aim: an orc warrior, wielding a +0 halberd and wearing a +0 crystal plate armour (severely wounded, very poisoned, 74% to hit)
You feel a surge of power!
The zap hits the orc warrior!
The orc warrior is almost dead.
The zap hits the orc warrior.
The orc warrior is heavily wounded.
The zap hits the orc!
You kill the orc!
Vehumet accepts your kill.
The zap hits the orc warrior but does no damage.
The orc warrior is severely wounded.
The zap hits the orc.
The orc is severely wounded.
The orc warrior misses you.
Unknown command.
The orc warrior attacks as it pursues you!
The orc warrior hits you from afar with a +0 trident!
* * * LOW HITPOINT WARNING * * *
Casting: Shock (safe; 1% risk of failure)
Confirm with . or Enter, or press ? or * to list all spells.
Okay, then.
The orc warrior attacks as it pursues you!
The orc warrior hits you from afar with a +0 spear!
You die...

############ ###
##.∩...)))..## ....
#......#).)..###### ....
#.....###).@.#o...#o.##..
#∩.....8.....o..o.)o.8...
#.....###....#....#o.##..
#......#.....###### ....
##.∩........## ....
############ ###


You could see 2 orc warriors.

Vanquished Creatures
  Eustachio (D:4)
  A water moccasin (D:6)
  An orc warrior (D:7)
  A black bear (D:4)
  An ogre (D:5)
  A centaur (D:4)
  2 phantoms
  A bullfrog (D:4)
  5 scorpions
  2 howler monkeys
  2 gnoll boudas
  5 hounds
  2 orc priests
  A jelly (D:4)
  A sleepcap (D:6)
  3 iguanas
  Ijyb (D:4)
  9 orc wizards
  3 gnolls (D:6)
  4 adders
  2 white imps (D:4)
  3 ufetubi
  3 dart slugs
  31 orcs
  7 ball pythons
  7 bats
  9 endoplasms
  6 giant cockroaches
  13 goblins
  10 hobgoblins
  4 jackals (D:3)
  2 quokkas
  A frilled lizard (D:1)
  7 kobolds
  4 rats
156 creatures vanquished.

Notes
Turn   | Place    | Note
-------+----------+-------------------------------------------
     0 | D:1      | Ekaitz the Tengu Air Elementalist began the quest for the
                  | Orb.
     0 | D:1      | Reached XP level 1. HP: 10/10 MP: 4/4
   141 | D:1      | Reached XP level 2. HP: 15/15 MP: 1/6
   144 | D:1      | Learned a level 2 spell: Static Discharge
   450 | D:1      | Found a faded altar of an unknown god.
   710 | D:1      | Learned a level 2 spell: Blink
   804 | D:1      | Reached XP level 3. HP: 20/20 MP: 4/7
  1482 | D:2      | Reached skill level 5 in Air Magic
  2254 | D:3      | Reached XP level 4. HP: 24/24 MP: 5/8
  2308 | D:3      | Reached skill level 1 in Fighting
  3107 | D:4      | Reached XP level 5. HP: 22/29 MP: 1/9
  3109 | D:4      | Noticed a black bear
  3114 | D:3      | Reached skill level 1 in Translocations
  3136 | D:3      | Learned a level 3 spell: Swiftness
  3219 | D:4      | Killed a black bear
  3220 | D:4      | Reached XP level 6. HP: 29/34 MP: 4/11
  3231 | D:4      | Reached skill level 1 in Evocations
  3297 | D:4      | Found an iron altar of Okawaru.
  3514 | D:4      | Reached skill level 6 in Air Magic
  3514 | D:4      | Gained mutation: Your magical nature helps you fly and
                  | evade attacks. (EV +20% +4) [Tengu growth]
  3514 | D:4      | Reached XP level 7. HP: 15/39 MP: 4/12
  3711 | D:4      | Noticed Eustachio
  3728 | D:4      | Killed Eustachio
  3853 | D:4      | Noticed Ijyb
  3862 | D:4      | Killed Ijyb
  3863 | D:4      | Reached skill level 5 in Conjurations
  4557 | D:5      | Entered Level 5 of the Dungeon
  4585 | D:5      | Reached XP level 8. HP: 44/44 MP: 6/13
  4611 | D:5      | Learned a level 4 spell: Airstrike
  4677 | D:5      | Reached skill level 7 in Air Magic
  5452 | D:5      | Learned a level 2 spell: Poisonous Vapours
  5477 | D:5      | Identified the +4 short sword of Cutuof {flame, Dex+4}
  5626 | D:6      | Reached skill level 8 in Air Magic
  5990 | D:6      | Found a staircase to the Ecumenical Temple.
  5999 | Temple   | Found a transporter.
  5999 | Temple   | Found a transporter.
  5999 | Temple   | Found a transporter.
  5999 | Temple   | Found a transporter.
  5999 | Temple   | Entered the Ecumenical Temple
  6019 | Temple   | Became a worshipper of Vehumet
  6212 | D:6      | Reached XP level 9. HP: 50/50 MP: 8/16
  6298 | D:6      | Reached skill level 1 in Poison Magic
  6783 | D:6      | Identified the +2 falchion of the Curious Dances {drain,
                  | Str-4 Int+3}
  6902 | D:7      | Found a flagged portal.
  7048 | Bailey   | Entered a bailey
  7158 | Bailey   | Slain by an orc warrior

Illustrated notes

Levels and vault maps discovered:
D:1:      lemuel_arrival_tunnels, layout_basic,
          shapermc_ecumenical_altar_acropolis
D:2:      layout_rooms, minmay_tetromino_o4
D:3:      layout_basic
D:4:      corexii_shack_village, layout_loops_ring, okawaru_gym_becter,
          minmay_manual_mail, uniq_eustachio, uniq_ijyb
D:5:      layout_gridville
D:6:      layout_gridville, minmay_temple_entry_butterflies, minmay_liquid_box
D:7:      layout_cave_pools, grunt_temple_overflow_order_and_chaos_2,
          enter_bailey_3, kennysheep_generic_room_11
Temple:   hellmonk_temple_divided_pantheon
Bailey:   bailey_polearm_5, bailey

Skill      XL: |  1  2  3  4  5  6  7  8  9 |
---------------+----------------------------+-----
Conjurations   | 2 3 4 5 6 |  6.5
Air Magic      | 5 6 8 |  8.5
Fighting       | 1 2 3 |  3.2
Translocations | 1 2 3 |  3.2
Evocations     | 1 2 |  2.7
Dodging        | 3 4 |  4.5
Spellcasting   | 3 4 |  4.4
Stealth        | 3 |  3.1
Poison Magic   | 2 |  2.0
Staves         | |  0.8

Action                     |  1- 3 |  4- 6 |  7- 9 || total
---------------------------+-------+-------+-------++-------
  Melee: Dagger            |    10 |       |       ||    10
         Kick              |     2 |     5 |     4 ||    11
         Staff             |       |    12 |    15 ||    27
         Peck              |       |     1 |     1 ||     2
         Short sword       |       |       |     1 ||     1
   Cast: Shock             |    70 |    59 |   156 ||   285
         Static Discharge  |     4 |     5 |    31 ||    40
         Blink             |       |     1 |       ||     1
         Airstrike         |       |       |     4 ||     4
         Poisonous Vapours |       |       |    13 ||    13
   Stab: Sleeping          |     1 |       |     1 ||     2
 Armour: Robe              |     4 |     1 |     6 ||    11
  Dodge: Dodged            |    13 |    26 |    80 ||   119

Table legend: (Time is in decaauts)
 A = Elapsed time spent in this place.
 B = Non-inter-level travel time spent in this place.
 C = Inter-level travel time spent in this place.
 D = Time resting spent in this place.
 E = Time spent auto-exploring this place.
 F = Levels seen in this place.
 G = Mean time per level.
                   A        B        C        D        E       F      G
               +--------+--------+--------+--------+--------+-----+--------+
         Total |   7158 |   6951 |    207 |    311 |   5464 |   9 |  795.3 |
       Dungeon |   7012 |   6805 |    207 |    267 |   5451 |   7 | 1001.7 |
        Temple |     36 |     36 |      0 |      0 |      6 |   1 |   36.0 |
        Bailey |    109 |    109 |      0 |     44 |      7 |   1 |  109.0 |
               +--------+--------+--------+--------+--------+-----+--------+

Top non-repeatable levels by time:
     D:4: 1361 daAuts
     D:1: 1343 daAuts
     D:6: 1206 daAuts
     D:3: 1175 daAuts
     D:5: 1063 daAuts
     D:2: 678 daAuts
     D:7: 184 daAuts
  Bailey: 109 daAuts
  Temple: 36 daAuts
